 Dungeon Crawl Stone Soup version 0.29-a0-119-g4040846114 (webtiles) character file.

Game seed: 2601594898376837182

11578 drugrobin the Placeless Demigod (level 11, -1/88 (92) HPs)
             Began as a Demigod Warper on Feb 20, 2022.
             Slain by a wolf spider zombie (7 damage)
             ... in a Gauntlet.
             The game lasted 01:09:25 (16916 turns).

drugrobin the Placeless Demigod (Demigod Warper)   Turns: 16916, Time: 01:09:26

HP:   -1/88 (92)    AC:  8    Str: 24    XL:     11   Next: 27%
MP:   30/32         EV: 14    Int: 21    God:
Gold: 458           SH:  0    Dex: 13    Spells: 1/21 levels left

rFire   . . .      SeeInvis .   a - +8 spear of Zuut {drain, Will+}
rCold   . . .      Faith    .   (no shield)
rNeg    . . .      Spirit   .   M - +2 robe {Will+}
rPois   .          Reflect  .   D - +0 helmet
rElec   .          Harm     .   T - +0 cloak
rCorr   .          Rampage  .   y - +0 pair of gloves
Will    +++..      NoTele   +   u - +0 pair of boots
Stlth   ++........              N - amulet of the acrobat
HPRegen 0.24/turn               h - +6 ring of intelligence
MPRegen 0.23/turn               m - ring of magical power

@: slowed, lightly drained, very slow
A: high MP 1, forlorn, divine attributes
a: no special abilities


You were in a Gauntlet.
You visited 2 branches of the dungeon, and saw 12 of its levels.
You also visited: Gauntlet.

You collected 690 gold pieces.
You spent 232 gold pieces at shops.

Inventory:

Hand Weapons
 a - the +8 spear of Zuut (weapon) {drain, Will+}
   (You bought it in a shop on level 3 of the Dungeon)

   A truly terrible weapon, it drains the life of any living foe it strikes.
   Will:      It increases your willpower.
 b - a +0 hand crossbow
 c - a +2 dagger of venom
 R - the +4 long sword "Demonbane" {drain, rCorr}
   (You took it off an orc on level 8 of the Dungeon)

   A truly terrible weapon, it drains the life of any living foe it strikes.
   rCorr:     It protects you from acid and corrosion.
Missiles
 d - 6 boomerangs of dispersal
 e - 263 stones (quivered)
 l - 4 javelins
 q - 98 bolts
 C - 5 curare-tipped darts
 L - 22 poisoned darts
Armour
 u - a +0 pair of boots (worn)
 y - a +0 pair of gloves (worn)
 D - a +0 helmet (worn)
 M - a +2 robe of willpower (worn)
 T - a +0 cloak (worn)
Magical Staves
 E - a staff of fire
Jewellery
 h - a +6 ring of intelligence (left hand)
 k - an amulet of magic regeneration
 m - a ring of magical power (right hand)
 N - an amulet of the acrobat (around neck)
 V - a +4 ring of slaying
Wands
 w - a wand of iceblast (22)
 I - a wand of digging (5)
 S - a wand of paralysis (9)
Scrolls
 f - a scroll of magic mapping
 g - a scroll of brand weapon {unknown}
 i - 3 scrolls of fog {unknown}
 j - a scroll of silence {unknown}
 p - 3 scrolls of identify
 r - a scroll of enchant weapon {unknown}
 s - a scroll of teleportation {unknown}
 v - 9 scrolls of fear {unknown}
 A - 2 scrolls of amnesia
 F - a scroll of holy word {unknown}
 G - a scroll of immolation {unknown}
 K - 2 scrolls of enchant armour {unknown}
 O - a scroll of torment {unknown}
 Q - a scroll of vulnerability {unknown}
 U - a scroll of noise {unknown}
Potions
 n - 4 potions of curing
 o - 4 potions of brilliance
 t - 5 potions of heal wounds
 x - a potion of cancellation
 z - a potion of ambrosia
 H - a potion of berserk rage
 J - a potion of lignification
 P - a potion of invisibility
 W - a potion of might


   Skills:
 + Level 7.5 Fighting
 - Level 4.8 Polearms
 - Level 0.8 Throwing
 - Level 0.8 Armour
 + Level 6.5 Dodging
 - Level 3.1 Stealth
 + Level 5.7 Spellcasting
 + Level 4.0 Conjurations
 - Level 8.9 Translocations
 + Level 6.0 Evocations


You had one spell level left.
You knew the following spells:

 Your Spells              Type           Power      Damage    Failure   Level
a - Blink                 Tloc           86%        N/A       1%          2
b - Teleport Other        Tloc           43%        N/A       1%          3
c - Manifold Assault      Tloc           43%        N/A       7%          5
d - Gell's Gravitas       Tloc           43%        N/A       1%          3
e - Stone Arrow           Conj/Erth      28%        3d8       13%         3
f - Mephitic Cloud        Conj/Pois/Air  11%        N/A       17%         3
g - Summon Small Mammal   Summ           24%        N/A       10%         1

Your spell library contained the following spells:

 Spells                   Type           Power      Damage    Failure   Level
 Foxfire                  Conj/Fire      56%        2x1d6     4%          1
 Lesser Beckoning         Tloc           43%        N/A       1%          3
 Static Discharge         Conj/Air       14%        N/A       7%          2
 Conjure Flame            Conj/Fire      14%        6-21      13%         3
 Corpse Rot               Necr/Air       12%        N/A       16%         2
 Call Canine Familiar     Summ           6%         N/A       30%         3
 Frozen Ramparts          Ice            12%        1d3       30%         3
 Ignite Poison            Fire/Tmut/Pois 6%         N/A       30%         3
 Inner Flame              Hex/Fire       6%         N/A       30%         3
 Summon Guardian Golem    Hex/Summ       6%         N/A       30%         3
 Flame Wave               Conj/Fire      14%        2d6       41%         4
 Sticky Flame             Conj/Fire      14%        2d4       41%         4
 Airstrike                Air            3%         N/A       69%         4
 Animate Armour           Summ/Erth      12%        N/A       69%         4
 Animate Dead             Necr           3%         N/A       69%         4
 Dispel Undead            Necr           6%         3d8       69%         4
 Ice Form                 Ice/Tmut       6%         N/A       69%         4
 Summon Ice Beast         Ice/Summ       6%         N/A       69%         4
 Summon Lightning Spire   Summ/Air       6%         N/A       69%         4
 Lightning Bolt           Conj/Air       7%         1d19      77%         5
 Freezing Cloud           Conj/Ice/Air   5%         6-21      85%         5
 Conjure Ball Lightning   Conj/Air       7%         3x3d6     100%        6
 Borgnjor's Revivificati  Necr           3%         N/A       100%        8
 Lehudib's Crystal Spear  Conj/Erth      7%         10d3      100%        8
 Maxwell's Capacitive Co  Air            3%         ∞         100%        8


Dungeon Overview and Level Annotations

Branches:
Dungeon (11/15)            Temple (0/1) D:4            Lair (1/6) D:11
Gauntlet (1/1)
    Orc: D:9-12

Shops:
D:3 (   D:5 !

Portals:
Trove: D:10 (give +2 ice dragon scales)

Annotations:
D:4 1 runed translucent door, exclusion: door, Crazy Yiuf
D:5 willcat's ghost, novice DDAM
D:6 Maggie
D:10 exclusion: shadow
D:11 1 runed translucent door, exclusion: door Gauntlet 7 transporters, 9 runed translucent doors


Innate Abilities, Weirdness & Mutations

You have an increased reservoir of magic. (+10% MP)
You shall have no god before yourself.
Your divine heritage dramatically boosts your attributes as you level up.


Message History

The death drake breathes miasma at you. The foul vapour misses you.
The spectral hornet completely misses you.
There is an open translucent gate here.
Unknown command.
Unknown command.
Unknown command.
Unknown command.
You are engulfed in dark miasma.
You are more poisoned.
You feel extremely sick.
The spectral centaur warrior misses you.
The spectral centaur warrior completely misses you. x2
The spectral centaur warrior kicks you but does no damage.
The death drake misses you. The spectral centaur warrior hits you.
* * * LOW HITPOINT WARNING * * *
The spectral centaur warrior closely misses you.
Unknown command.
Unknown command.
Unknown command.
Unknown command.
Unknown command.
Unknown command.
Unknown command.
Unknown command.
Unknown command.
Unknown command.
You feel better. The death drake barely misses you.
The spectral centaur warrior hits you.
You feel drained.
The spectral centaur warrior closely misses you.
The wolf spider zombie hits you!
* * * LOW HITPOINT WARNING * * *
The wolf spider zombie bites you.
* * * LOW HITPOINT WARNING * * *
The death drake bites you!
* * * LOW HITPOINT WARNING * * *
The spectral centaur warrior barely misses you.
The spectral centaur warrior closely misses you.
The wolf spider zombie hits you!
You die...

....#©#.....###########..##
....#©#.....#..+.©.'..#.§§#
.#########..#.^+...'^.#.§##
.#.#....2#..#++#'#+#''#§.§#
.#.#..##.#..#..+...'..#..##
.#..##..##..#..+...'..#..≈#
.##..©..##..#++#Z..#++#..##
.##..##.2#..#..#kZ'#..#..≈#
.#.##."#.#..#...@ZZ...#..##
.#..?©$#.#..#..!.©[}..#..≈#
.#########..###########..##
..........∩..............≈#
........................§##
≈#§#§#≈########≈#≈#≈#§#≈##
########.©..©.###########
#......# ..........


You could see a death drake, 2 spectral hornets, a spectral centaur warrior and
a wolf spider zombie.

Vanquished Creatures
  2 two-headed ogres
  Pikel (D:8)
  An oklob plant (D:11)
  Maurice (D:8)
  2 cyclopes (D:11)
  Psyche (D:11)
  An unseen horror (D:10)
  An ice devil (Gauntlet)
  4 trolls
  Grinder (D:3)
  Sigmund (D:6)
  A shadow (D:10)
  A vampire (D:10)
  A water elemental (D:11)
  5 wraiths
  Eustachio (D:6)
  5 yaks (D:9)
  A fire bat (D:11)
  A vampire mosquito (D:7)
  Grum (D:10)
  Menkaure (D:7)
  Duvessa (D:6)
  An acid dragon (D:9)
  A water moccasin (D:8)
  3 orc warriors
  2 black bears
  A necrophage (D:5)
  4 wolves (D:11)
  5 ogres
  3 centaurs (D:9)
  3 phantoms
  2 kobold brigands
  A bullfrog (D:9)
  2 scorpions (D:5)
  Dowan (D:6)
  10 killer bees
  3 wights (D:6)
  3 electric eels (D:11)
  2 centaur zombies
  A bullfrog zombie (D:6)
  2 hounds (D:5)
  2 jellies
  A centaur skeleton (D:6)
  6 orc priests
  A bullfrog skeleton (D:4)
  Ijyb (D:4)
  An iguana (D:5)
  4 orc wizards
  A scorpion zombie (D:5)
  A killer bee zombie (D:7)
  A hound skeleton (D:4)
  Robin (D:2)
  A howler monkey zombie (D:10)
  6 adders
  2 dart slugs
  A worm (D:2)
  24 orcs
  5 endoplasms
  4 giant cockroaches
  14 goblins
  6 hobgoblins
  7 quokkas
  8 ball pythons
  22 bats
  2 frilled lizards (D:1)
  19 kobolds
  2 rats
  A spectral hobgoblin (D:2)
229 creatures vanquished.

Vanquished Creatures (others)
  3 plants (D:11)
3 creatures vanquished.

Grand Total: 232 creatures vanquished

Notes
Turn   | Place    | Note
-------+----------+-------------------------------------------
     0 | D:1      | drugrobin the Demigod Warper began the quest for the Orb.
     0 | D:1      | Reached XP level 1. HP: 17/17 MP: 5/5
   460 | D:1      | Reached skill level 3 in Translocations
   632 | D:1      | Reached XP level 2. HP: 23/24 MP: 7/7
   635 | D:1      | Learned a level 2 spell: Blink
  1232 | D:1      | Reached skill level 1 in Stealth
  1662 | D:1      | Reached XP level 3. HP: 29/29 MP: 8/8
  1883 | D:2      | Learned a level 3 spell: Teleport Other
  2693 | D:3      | Noticed Robin
  2764 | D:2      | Killed Robin
  3134 | D:3      | Found Nuisang's Antique Weapon Boutique.
  3427 | D:3      | Reached XP level 4. HP: 35/36 MP: 9/9
  3450 | D:3      | Noticed Grinder
  3500 | D:3      | HP: 1/36 [Grinder/nerve-wracking pain (14)]
  4333 | D:4      | Reached skill level 4 in Translocations
  4368 | D:4      | Noticed Ijyb
  4375 | D:4      | Paralysed by Ijyb for 4 turns
  4381 | D:4      | Killed Ijyb
  4382 | D:4      | Reached XP level 5. HP: 27/41 MP: 10/10
  4549 | D:4      | Found a runed translucent door.
  4550 | D:4      | Noticed Crazy Yiuf
  5007 | D:3      | Bought a polished spear for 232 gold pieces
  5007 | D:3      | Identified the +8 spear of Zuut {drain, Will+} (You bought
                  | it in a shop on level 3 of the Dungeon)
  5160 | D:3      | Paralysed by Grinder for 2 turns
  5167 | D:3      | Killed Grinder
  5168 | D:3      | Reached skill level 5 in Translocations
  5168 | D:3      | Reached XP level 6. HP: 13/48 MP: 11/11
  5542 | D:4      | Found a staircase to the Ecumenical Temple.
  6037 | D:5      | Entered Level 5 of the Dungeon
  6230 | D:5      | Reached XP level 7. HP: 49/53 MP: 12/12
  6472 | D:5      | Found Epnoleta's Distillery.
  6478 | D:5      | Reached skill level 6 in Translocations
  7001 | D:5      | Reached skill level 7 in Translocations
  7271 | D:6      | Noticed Sigmund
  7284 | D:6      | Killed Sigmund
  7285 | D:6      | Reached XP level 8. HP: 62/62 MP: 14/14
  7327 | D:6      | Noticed Duvessa
  7331 | D:6      | Noticed Dowan
  7555 | D:6      | Noticed Maggie
  7621 | D:6      | Killed Duvessa
  7625 | D:6      | Killed Dowan
  7704 | D:6      | Noticed Eustachio
  7775 | D:6      | Killed Eustachio
  7974 | D:6      | Found a transporter.
  7974 | D:6      | Noticed willcat's ghost (novice DDAM)
  7977 | D:6      | Identified the +6 great mace of Yza Zes {vorpal, Str+4
                  | Int+5 Dex-3}
  7977 | D:6      | Noticed a two-headed ogre
  7980 | D:6      | Found a transporter.
  8644 | D:6      | Killed a two-headed ogre
  8645 | D:6      | Reached XP level 9. HP: 48/73 MP: 19/19
  8946 | D:6      | Reached skill level 5 in Fighting
  9103 | D:7      | Learned a level 5 spell: Manifold Assault
  9268 | D:7      | Noticed Menkaure
  9710 | D:7      | Killed Menkaure
 10172 | D:8      | Identified the +4 long sword "Demonbane" {drain, rCorr}
 10274 | D:8      | Noticed Pikel
 10274 | D:8      | Noticed Maurice
 10515 | D:8      | Killed Pikel
 10637 | D:8      | Killed Maurice
 10762 | D:8      | Reached XP level 10. HP: 72/83 MP: 20/20
 10825 | D:8      | Learned a level 3 spell: Gell's Gravitas
 10829 | D:8      | Learned a level 3 spell: Stone Arrow
 11168 | D:9      | Noticed a two-headed ogre
 11173 | D:9      | Reached skill level 5 in Dodging
 11175 | D:9      | Killed a two-headed ogre
 11176 | D:9      | Reached skill level 1 in Conjurations
 11176 | D:9      | Reached skill level 8 in Translocations
 11407 | D:9      | Got Ecziem's Tome of Dark Air
 11539 | D:9      | Reached skill level 5 in Evocations
 12271 | D:10     | Entered Level 10 of the Dungeon
 12388 | D:10     | Reached skill level 5 in Spellcasting
 12395 | D:10     | Learned a level 3 spell: Mephitic Cloud
 12504 | D:10     | Found a portal to a secret trove of treasure.
 13517 | D:11     | Noticed Grum
 13744 | D:10     | Killed Grum
 14487 | D:11     | Noticed Psyche
 14514 | D:11     | Killed Psyche
 14558 | D:11     | Noticed a cyclops
 14569 | D:11     | Killed a cyclops
 14570 | D:11     | Reached XP level 11. HP: 67/92 MP: 6/22
 14891 | D:11     | Found a runed translucent door.
 14923 | D:11     | Learned a level 1 spell: Summon Small Mammal
 15438 | D:11     | Found a staircase to the Lair.
 16262 | Lair:1   | Entered Level 1 of the Lair of Beasts
 16289 | Lair:1   | Noticed a seven-headed hydra
 16357 | Lair:1   | Found a gate leading to a gauntlet.
 16366 | Gauntlet | Entered a Gauntlet
 16366 | Gauntlet | Found the +2 Maxwell's thermic engine {flame, freeze}
 16366 | Gauntlet | Found a transporter.
 16366 | Gauntlet | Found a transporter.
 16366 | Gauntlet | Found a transporter.
 16367 | Gauntlet | Found a transporter.
 16367 | Gauntlet | Noticed a death scarab
 16368 | Gauntlet | Found a transporter.
 16371 | Gauntlet | Found a transporter.
 16377 | Gauntlet | Found a transporter.
 16378 | Gauntlet | Noticed a fire crab
 16385 | Gauntlet | Found a transporter.
 16386 | Gauntlet | Found a transporter.
 16388 | Gauntlet | Found a large runed translucent door.
 16389 | Gauntlet | Found a transporter.
 16389 | Gauntlet | Found a large runed translucent door.
 16390 | Gauntlet | Found a large runed translucent door.
 16390 | Gauntlet | Found a large runed translucent door.
 16390 | Gauntlet | Found a runed translucent door.
 16391 | Gauntlet | Found a large runed translucent door.
 16392 | Gauntlet | Found a large runed translucent door.
 16393 | Gauntlet | Found a large runed translucent door.
 16393 | Gauntlet | Found a large runed translucent door.
 16393 | Gauntlet | Noticed a blizzard demon
 16394 | Gauntlet | Found a runed translucent gate.
 16394 | Gauntlet | Found a runed translucent gate.
 16396 | Gauntlet | Found a transporter.
 16396 | Gauntlet | Found a transporter.
 16407 | Gauntlet | Found a runed translucent gate.
 16408 | Gauntlet | Found a large runed translucent door.
 16408 | Gauntlet | Found a large runed translucent door.
 16409 | Gauntlet | Found a large runed translucent door.
 16409 | Gauntlet | Noticed a death drake
 16410 | Gauntlet | Found a large runed translucent door.
 16419 | Gauntlet | Found a large runed translucent door.
 16419 | Gauntlet | Found a large runed translucent door.
 16419 | Gauntlet | Found a runed translucent door.
 16420 | Gauntlet | Found a large runed translucent door.
 16421 | Gauntlet | Found a large runed translucent door.
 16653 | Gauntlet | Noticed a harpy
 16916 | Gauntlet | Slain by a wolf spider zombie

Illustrated notes

Levels and vault maps discovered:
D:1:      mrwooster_arrival_statue, layout_loops_ring, minmay_small_reverse_x
D:2:      layout_loops_ring, dreamdust_ecumenical_altar_drowned_temple
D:3:      layout_basic, mainiacjoe_overflow_alcove_4, yredelemnul_altar_generic,
          serial_shops, nicolae_square_shop, uniq_robin, uniq_grinder
D:4:      layout_cave_pools, minmay_temple_entry_statues_fountains,
          grunt_tough_drop, uniq_ijyb, uniq_crazy_yiuf_cottage
D:5:      layout_gridville, nicolae_dithmenos_the_darkroom,
          kennysheep_small_square
D:6:      layout_rooms, gammafunk_ghost_smash, uniq_eustachio, uniq_sigmund,
          uniq_duvessa, uniq_maggie
D:7:      layout_cave_pools, roderic_cross_of_infinity, hangedman_glass_teeth,
          minmay_microvault, uniq_menkaure
D:8:      layout_loops_ring, uniq_pikel, uniq_maurice
D:9:      layout_rooms, lemuel_doored_altar, nicolae_wu_jian_wuxing_cycle,
          minmay_splitting_lines
D:10:     layout_loops_ring, grunt_temple_overflow_gold_and_silver,
          mainiacjoe_overflow_surrounded_room, nicolae_trove_entry_crystal,
          uniq_harold
D:11:     due_megacathedral, layout_basic, dpeg_oklobed_lair,
          evilmike_ruin_ashenzari, uniq_psyche, uniq_grum
Lair:1:   layout_long_grid, gauntlet_entry_generic, st_stairs_10,
          roderic_batcave, nicolae_quartered_pool_medium,
          hangedman_lair_unloving_vines, beast_lair_carwin_6,
          grunt_megastairs_3, infiniplex_staircase_pool_2
Gauntlet: minmay_gauntlet_mixed_big_or_small [gammafunk_gauntlet_arena_open,
          minmay_gauntlet_arena_77_braids, gammafunk_gauntlet_arena_corners,
          minmay_gauntlet_arena_77_radiant_squares,
          minmay_gauntlet_arena_make_your_own_arena,
          minmay_gauntlet_arena_77_squiggly, gauntlet_exit_watery]

Skill      XL: |  1  2  3  4  5  6  7  8  9 10 11 |
---------------+----------------------------------+-----
Polearms       | 2 3 4 |  4.8
Translocations | 3 4 5 7 8 |  8.9
Stealth        | 1 2 3 |  3.1
Fighting       | 2 4 6 7 |  7.5
Spellcasting   | 2 4 5 |  5.7
Dodging        | 3 4 6 |  6.5
Evocations     | 2 4 5 6 |  6.0
Conjurations   | 3 4 |  4.0
Throwing       | |  0.8
Armour         | |  0.8

Action                   |  1- 3 |  4- 6 |  7- 9 | 10-12 || total
-------------------------+-------+-------+-------+-------++-------
Melee: Spear             |   158 |   108 |   224 |   225 ||   715
       Punch             |     4 |       |     1 |     3 ||     8
       Dagger            |       |       |    10 |    86 ||    96
 Fire: Hunting sling     |    52 |    30 |     7 |       ||    89
       Hand crossbow     |       |       |    48 |    11 ||    59
Throw: Stone             |    40 |    11 |    18 |       ||    69
       Boomerang         |       |     1 |       |       ||     1
       Dart              |       |     1 |     8 |     3 ||    12
       Javelin           |       |       |     1 |     5 ||     6
 Cast: Blink             |     9 |     2 |    10 |    11 ||    32
       Teleport Other    |     5 |     8 |    23 |    10 ||    46
       Manifold Assault  |       |       |    15 |    46 ||    61
       Stone Arrow       |       |       |       |    15 ||    15
       Gell's Gravitas   |       |       |       |     4 ||     4
       Mephitic Cloud    |       |       |       |     2 ||     2
Evoke: Wand              |       |    10 |     7 |     1 ||    18
  Use: Potion            |     1 |     1 |       |     5 ||     7
       Scroll            |       |     1 |       |    12 ||    13
 Stab: Sleeping          |     2 |     1 |     1 |     1 ||     5
       Distracted        |       |       |     1 |     2 ||     3
       Paralysed         |       |       |     6 |     8 ||    14
Armor: Leather armour    |    36 |    27 |    15 |       ||    78
       Robe              |       |       |    21 |    51 ||    72
Dodge: Dodged            |    71 |    40 |    97 |   228 ||   436

Table legend: (Time is in decaauts)
 A = Elapsed time spent in this place.
 B = Non-inter-level travel time spent in this place.
 C = Inter-level travel time spent in this place.
 D = Time resting spent in this place.
 E = Time spent auto-exploring this place.
 F = Levels seen in this place.
 G = Mean time per level.
                   A        B        C        D        E       F      G
               +--------+--------+--------+--------+--------+-----+--------+
         Total |  16935 |  16287 |    648 |   4489 |   7452 |  13 | 1302.7 |
       Dungeon |  16281 |  15633 |    648 |   4394 |   7452 |  11 | 1480.1 |
          Lair |    103 |    103 |      0 |      0 |      0 |   1 |  103.0 |
      Gauntlet |    550 |    550 |      0 |     95 |      0 |   1 |  550.0 |
               +--------+--------+--------+--------+--------+-----+--------+

Top non-repeatable levels by time:
    D:11: 1894 daAuts
     D:1: 1876 daAuts
    D:10: 1834 daAuts
     D:3: 1812 daAuts
     D:6: 1715 daAuts
     D:9: 1401 daAuts
     D:5: 1400 daAuts
     D:2: 1325 daAuts
     D:4: 1198 daAuts
     D:8: 1151 daAuts
     D:7: 670 daAuts
Gauntlet: 550 daAuts
  Lair:1: 103 daAuts
